[Event "*** Titled Tuesday Blitz"]
[Site "Chess.com"]
[Date "2018.05.01"]
[Round "7"]
[White "Synctel"]
[Black "Bad4life"]
[Result "0-1"]
[WhiteElo "1913"]
[BlackElo "2367"]
[TimeControl "180+2"]
[EndTime "14:31:13 PDT"]
[Termination "Bad4life won by resignation"]

1. d4 d6 2. Bf4 Nf6 3. Nf3 g6 4. h3 Bg7 5. e3 O-O 6. Be2 c5 7. c3 a6 8. a4 b6 9. O-O Ra7 10. Nbd2 Rc7 11. e4 Nbd7 12. e5 Nh5 13. exd6 Nxf4 14.
dxc7 Qxc7 15. dxc5 Nxc5 16. Bc4 e5 17. Re1 h6 18.
Ne4 Nxe4 19. Rxe4 Bf5 20. Re1 Qxc4 21. Nxe5 Qc7 22. Nf3 Nd3 23. Re3 Nxb2 24. Qb3 Nc4 0-1

[Event "*** Titled Tuesday Blitz"]
[Site "Chess.com"]
[Date "2018.05.01"]
[Round "7"]
[White "dhanushbharadwaj"]
[Black "Alopekos"]
[Result "1-0"]
[WhiteElo "2520"]
[BlackElo "2322"]
[TimeControl "180+2"]
[EndTime "14:31:15 PDT"]
[Termination "dhanushbharadwaj won by resignation"]

1. Nf3 Nf6 2. c4 e6 3. g3 d5 4. b3 a5 5. Bg2 a4 6. Bb2 axb3 7. axb3 Rxa1 8. Bxa1 c5 9. O-O Nc6 10. e3 Be7 11. d4 b6 12. Nc3 O-O 13. Ne5 Bb7 14. Nxc6 Bxc6 15. cxd5 Nxd5 16. dxc5 Nxc3 17. Bxc3 Bxg2 18.
Kxg2 bxc5 19. Qxd8 Rxd8 20. Ra1 Rb8 21. Be5 Bf6 22.
Bxb8 Bxa1 23. Bd6 f6 24. Bxc5 Kf7 25. Bd4 Bxd4 26. exd4 Ke7 27. Kf3 Kd6 28. Ke3 Kc6 29.
Kd3 Kb5 30. Kc3 1-0

[Event "*** Titled Tuesday Blitz"]
[Site "Chess.com"]
[Date "2018.05.01"]
[Round "7"]
[White "Frolik67"]
[Black "Shtembuliak"]
[Result "0-1"]
[WhiteElo "2465"]
[BlackElo "2678"]
[TimeControl "180+2"]
[EndTime "14:31:18 PDT"]
[Termination "Shtembuliak won by resignation"]

1. e4 e6 2. d3 d5 3. Nd2 c5 4. Ngf3 Nc6 5. g3 Nf6 6. Bg2 g6 7. O-O Bg7 8. exd5 Nxd5 9. Re1 O-O 10. Nc4 Qc7 11. a4 b6 12. h4 Ba6 13. Qe2 Nd4 14.
Nxd4 cxd4 15. b3 Nc3 16. Qg4 Rad8 17. h5 Rfe8 18. h6 Bh8 19. Qh4 Qe7 20. Qf4 e5 21. Qf3 Rd7 22. Ba3 Qd8 23. Bh3 Bb7 24. Qg4 f5 25. Qh4 Bf6 26. Nxe5 Bxh4 27. Nxd7 Qxd7 28.
gxh4 Ne2+ 29. Kf1 Qc6 0-1

[Event "*** Titled Tuesday Blitz"]
[Site "Chess.com"]
[Date "2018.05.01"]
[Round "7"]
[White "nOcHeaTiNgKiD"]
[Black "Yurovskykh_Oleksandr"]
[Result "0-1"]
[WhiteElo "2339"]
[BlackElo "2360"]
[TimeControl "180+2"]
[EndTime "14:31:26 PDT"]
[Termination "Yurovskykh_Oleksandr won by resignation"]

1. Nf3 d5 2. e3 Nf6 3. c4 e6 4.
Nc3 Be7 5. b3 O-O 6. Bb2 b6 7. d4 Bb7 8. Bd3 Nbd7 9. O-O c5 10.
cxd5 Nxd5 11. Nxd5 Bxd5 12. Qe2 Bf6 13. Rfd1 Bxf3 14.
Qxf3 cxd4 15. Be4 Rc8 16. Bxd4 Bxd4 17. Rxd4 Qe7 18. Rad1 Nf6 19. Bb1 g6 20. h3 Rfd8 21. Rxd8+ Rxd8 22. Rxd8+ Qxd8 23. Qe2 a5 24. Qd3 Qc7 25.
Qc2 Qe5 26. a3 Nd5 27. Qc8+ Kg7 28. Qc2 Qa1 29. Qa2 Qxa2 30. Bxa2 Nc3 31. b4 0-1

[Event "*** Titled Tuesday Blitz"]
[Site "Chess.com"]
[Date "2018.05.01"]
[Round "7"]
[White "evgenysharapov"]
[Black "AnishGiri"]
[Result "0-1"]
[WhiteElo "2303"]
[BlackElo "2827"]
[TimeControl "180+2"]
[EndTime "14:31:52 PDT"]
[Termination "AnishGiri won by resignation"]

1. e4 e5 2. Nf3 Nc6 3. Bb5 a6 4.
Bxc6 dxc6 5. d4 exd4 6. Qxd4 Qxd4 7.
Nxd4 c5 8. Ne2 Bd7 9. Bf4 O-O-O 10. Nbc3 Bc6 11. f3 Ne7 12. Rd1 Rxd1+ 13. Kxd1 Ng6 14.
Bg3 Be7 15. Ke1 Rd8 16. Nf4 Bf6 17. Nxg6 hxg6 18. Ke2 Bd4 19. Rb1 f5 20. exf5 gxf5 21.
Bf2 g5 22. Bxd4 cxd4 23. Nd1 Bb5+ 24. Kd2 Re8 25. a4 Re2+ 26. Kc1 d3 27. cxd3 Bxd3 28.
Ra1 Rc2+ 29. Kb1 Rc4+ 30. Ka2 Rxa4+ 0-1

[Event "*** Titled Tuesday Blitz"]
[Site "Chess.com"]
[Date "2018.05.01"]
[Round "7"]
[White "Mbneu"]
[Black "Al_Shima"]
[Result "0-1"]
[WhiteElo "2286"]
[BlackElo "2408"]
[TimeControl "180+2"]
[EndTime "14:31:55 PDT"]
[Termination "Al_Shima won by resignation"]

1. d4 Nf6 2. c4 Nc6 3. f4 d5 4.
cxd5 Qxd5 5. Nf3 Bg4 6. Nc3 Qh5 7. e3 Bxf3 8. Qxf3 Qxf3 9. gxf3 Nb4 10. Bb5+ c6 11.
Ba4 Nd3+ 12. Ke2 Nxc1+ 13. Raxc1 e6 14. Rhg1 g6 15. Ne4 Nd5 16. Nc5 Bxc5 17. Rxc5 Ke7 18. Bb3 Rhd8 19. Bxd5 Rxd5 20. Rxd5 exd5 21. Rc1 a5 22. e4 Kd6 23. Ke3 a4 24. f5 gxf5 25.
e5+ Ke6 26. Rg1 Ra5 27. b4 axb3 28. axb3 Ra3 29. Rg7 Rxb3+ 30. Ke2 Rb2+ 31. Ke3 Rxh2 32. Rg8 Rb2 33. Rh8 Rb3+ 34. Ke2 f4 35. Rxh7 Re3+ 36. Kf2 Rd3 37. Rh6+ Ke7 0-1

[Event "*** Titled Tuesday Blitz"]
[Site "Chess.com"]
[Date "2018.05.01"]
[Round "7"]
[White "GulamaliRises"]
[Black "VerdeNotte"]
[Result "0-1"]
[WhiteElo "2490"]
[BlackElo "2633"]
[TimeControl "180+2"]
[EndTime "14:32:03 PDT"]
[Termination "VerdeNotte won by resignation"]

1. e4 c5 2. Nf3 d6 3. d4 cxd4 4.
Nxd4 Nf6 5. Nc3 g6 6. g3 Nc6 7.
Nde2 Bd7 8. Bg2 Qc8 9. Nf4 h5 10. h3 Bg7 11. O-O Ne5 12. h4 O-O 13. Ncd5 Re8 14. a4 Bg4 15. f3 Nxd5 16. Nxd5 Be6 17. a5 Nc4 18. c3 Qc5+ 19. Rf2 Bxd5 20. Qxd5 Qxd5 21. exd5 Rac8 22. Bf1 a6 23. Ra4 Ne5 24.
Rb4 Rc5 25. f4 Ng4 26. Rd2 Rxa5 27. Rxb7 Ne3 28. Ra7 Ra1 29. Bxa6 Rxc1+ 30. Kf2 Ng4+ 31. Kf3 Ra1 0-1

[Event "*** Titled Tuesday Blitz"]
[Site "Chess.com"]
[Date "2018.05.01"]
[Round "7"]
[White "Last7Samurai"]
[Black "LastHeroJr"]
[Result "1/2-1/2"]
[WhiteElo "2643"]
[BlackElo "2466"]
[TimeControl "180+2"]
[EndTime "14:32:12 PDT"]
[Termination "Game drawn by agreement"]

1. Nf3 Nf6 2. g3 g6 3. b3 Bg7 4. Bb2 O-O 5. Bg2 d6 6. d4 c5 7.
O-O cxd4 8. Nxd4 d5 9. c4 dxc4 10. bxc4 Qb6 11. Qb3 Nfd7 12. e3 Nc5 13. Qa3 Nc6 14.
Nc3 Nd3 15. Nd5 Qxb2 16. Qxd3 Nxd4 17. Nxe7+ Kh8 18. exd4 Qxd4 19. Qxd4 Bxd4 20. Rad1 Bb6 21. Rfe1 Rb8 22. Nxc8 Rbxc8 23. Bd5 1/2-1/2

[Event "*** Titled Tuesday Blitz"]
[Site "Chess.com"]
[Date "2018.05.01"]
[Round "7"]
[White "windking123"]
[Black "GMMatamoros"]
[Result "0-1"]
[WhiteElo "2299"]
[BlackElo "2510"]
[TimeControl "180+2"]
[EndTime "14:32:21 PDT"]
[Termination "GMMatamoros won by checkmate"]

1. d4 e6 2. c4 b6 3. Nc3 Bb7 4. e4 Bb4 5. Bd3 f5 6. Qe2 Nf6 7. f3 fxe4 8. fxe4 Bxc3+ 9. bxc3 Nxe4 10. Bf4 Nf6 11. Nf3 O-O 12. O-O Nc6 13. Rae1 Kh8 14.
Ng5 h6 15. Nf3 Nh5 16. Be5 Nf4 17. Qe3 Nxe5 18. Nxe5 Qg5 19. Rxf4 Qxg2# 0-1

[Event "*** Titled Tuesday Blitz"]
[Site "Chess.com"]
[Date "2018.05.01"]
[Round "7"]
[White "RodinMihail"]
[Black "dukicz123"]
[Result "1-0"]
[WhiteElo "2419"]
[BlackElo "2313"]
[TimeControl "180+2"]
[EndTime "14:32:30 PDT"]
[Termination "RodinMihail won by resignation"]

1. e4 e5 2. Nf3 Nc6 3. Nc3 Nf6 4. d4 exd4 5. Nxd4 Bb4 6. Nxc6 bxc6 7. Bd3 d5 8. exd5 cxd5 9. Qe2+ Be6 10. Bb5+ Nd7 11. Bc6 O-O 12. Bxa8 Qxa8 13. O-O Re8 14. Bf4 c6 15.
Qf3 Bf5 16. Bd6 Bxd6 17. Qxf5 Nf8 18. Rfe1 Ne6 19. Rad1 Qb8 20. g3 Qxb2 21. Rd3 Qxc2 22. Re2 Qc1+ 23. Kg2 Rf8 24. Rxe6 fxe6 25. Qxe6+ Kh8 26.
Qxd6 Kg8 27. Qe6+ Kh8 28. Rf3 Rg8 29. h4 d4 30. Ne4 c5 31. Ng5 h6 32. Qg6 1-0

[Event "*** Titled Tuesday Blitz"]
[Site "Chess.com"]
[Date "2018.05.01"]
[Round "7"]
[White "Hanging_pointer"]
[Black "Arystanner23"]
[Result "0-1"]
[WhiteElo "2323"]
[BlackElo "2390"]
[TimeControl "180+2"]
[EndTime "14:32:34 PDT"]
[Termination "Arystanner23 won by resignation"]

1. e4 e5 2. Nf3 Nc6 3. d4 exd4 4.
Bc4 Bc5 5. O-O Nf6 6. e5 d5 7.
Bb5 Ne4 8. Nxd4 Bd7 9. Nb3 Nxe5 10. Qxd5 Bxb5 11. Qxe4 Bxf1 12. Qxe5+ Be7 13. Kxf1 Qd1+ 14.
Qe1 Qxc2 15. N1d2 O-O 16. g3 Rfe8 17. Qe4 Qd1+ 18. Kg2 Bf6 19. Qxb7 Rab8 20. Qxc7 Rbc8 21. Qxa7 Re1 22. Nf3 Qd5 23. Be3 Rxa1 24. Nxa1 g5 25. Qa6 Rc6 26. Qa8+ Kg7 27. h3 h5 28. Qa4 Rc4 29. Qa6 g4 30. Bh6+ Kg6 31. Kh2 gxf3 32. Be3 Qd3 33. b3 Qf1 0-1

[Event "*** Titled Tuesday Blitz"]
[Site "Chess.com"]
[Date "2018.05.01"]
[Round "7"]
[White "DanielNaroditsky"]
[Black "eljanov"]
[Result "1-0"]
[WhiteElo "2811"]
[BlackElo "2658"]
[TimeControl "180+2"]
[EndTime "14:32:35 PDT"]
[Termination "DanielNaroditsky won by resignation"]

1. e4 c6 2. Nc3 d5 3. Nf3 Nf6 4.
e5 Ne4 5. Bd3 Nc5 6. Bf1 d4 7.
Ne2 d3 8. Nf4 Bf5 9. cxd3 Nxd3+ 10. Bxd3 Bxd3 11. Qb3 Be4 12. e6 f6 13. Qxb7 g5 14.
Ne2 Bg7 15. Qxa8 Qc7 16. d3 Bxf3 17. gxf3 O-O 18. Be3 f5 19. Qxa7 Qd6 20. Bd4 c5 21. Qxc5 1-0

[Event "*** Titled Tuesday Blitz"]
[Site "Chess.com"]
[Date "2018.05.01"]
[Round "7"]
[White "aa175"]
[Black "PchelkinVK"]
[Result "0-1"]
[WhiteElo "1855"]
[BlackElo "2415"]
[TimeControl "180+2"]
[EndTime "14:32:38 PDT"]
[Termination "PchelkinVK won by resignation"]

1. e4 e6 2. Nf3 d5 3. exd5 exd5 4. Be2 Nc6 5. O-O d4 6. Re1 Be7 7. Bc4 Nf6 8. d3 O-O 9. Bg5 Bg4 10. h3 Bh5 11. Nbd2 Re8 12. Re4 Nxe4 13. Nxe4 Ne5 14.
Nxe5 Bxd1 15. Bxf7+ Kh8 16. Bxe8 Qxe8 17. Rxd1 Bxg5 18.
Nxg5 Qa4 19. b3 Qxa2 20. Rd2 h6 21. Ng6+ Kg8 22. Ne6 Qb1+ 23. Kh2 Qe1 24. Ne7+ Kh7 25. Nxc7 Rb8 0-1

[Event "*** Titled Tuesday Blitz"]
[Site "Chess.com"]
[Date "2018.05.01"]
[Round "7"]
[White "TrimitziosP7"]
[Black "Mikhail_Golubev"]
[Result "1-0"]
[WhiteElo "2507"]
[BlackElo "2351"]
[TimeControl "180+2"]
[EndTime "14:32:45 PDT"]
[Termination "TrimitziosP7 won by resignation"]

1. Nf3 d6 2. c4 e5 3. Nc3 Nc6 4. d4 exd4 5. Nxd4 g6 6. e4 Bg7 7. Be3 Nge7 8. Qd2 O-O 9. O-O-O f5 10. exf5 Bxd4 11. Bxd4 Nxf5 12. Be3 Nxe3 13. Qxe3 Ne5 14. Be2 Qh4 15. Nd5 Be6 16. g3 Qd8 17. f4 Bxd5 18. cxd5 Nd7 19. Bg4 Nc5 20. b4 Re8 21. Qc3 Ne4 22.
Qd4 Qf6 23. Be6+ Rxe6 24. dxe6 Qxe6 25. Rhe1 Re8 26. Qd5 Qxd5 27. Rxd5 c6 28. Rd4 d5 29. b5 Kf7 30. Ra4 cxb5 31. Rxa7 Rc8+ 32. Kb2 Rc7 33. Rc1 Re7 34. Rc8 Nd6 35. Rc5 Re2+ 36. Kb3 Rxh2 37.
Rxd5 Ne4 38. Rxb7+ Kf6 39. Rb6+ Ke7 40. Re5+ 1-0

[Event "*** Titled Tuesday Blitz"]
[Site "Chess.com"]
[Date "2018.05.01"]
[Round "7"]
[White "Kirill_Klukin"]
[Black "bugsbunny444"]
[Result "1-0"]
[WhiteElo "2488"]
[BlackElo "2327"]
[TimeControl "180+2"]
[EndTime "14:32:45 PDT"]
[Termination "Kirill_Klukin won by resignation"]

1. Nf3 d5 2. d4 e6 3. c4 c6 4.
e3 Nf6 5. Qc2 Nbd7 6. Nbd2 Bd6 7. Bd3 e5 8. cxd5 Nxd5 9. a3 exd4 10. Nxd4 Ne5 11. Be4 Nf6 12. Bf5 O-O 13. O-O Re8 14. Rd1 g6 15. Bxc8 Rxc8 16. b3 a6 17. Bb2 Qe7 18.
N4f3 c5 19. Rac1 b5 20. a4 Bb8 21. h3 Nd5 22. Nxe5 Bxe5 23. Bxe5 Qxe5 24. Nf3 Qe6 25.
axb5 axb5 26. Qd3 Red8 27. Qxb5 Nb4 28. Qc4 Qxc4 29. bxc4 Nd3 30. Rb1 Nb4 31. Ne5 Re8 32. Nd7 Rc7 33. Nf6+ 1-0

[Event "*** Titled Tuesday Blitz"]
[Site "Chess.com"]
[Date "2018.05.01"]
[Round "7"]
[White "colegiodemadrid"]
[Black "AsaHoffmann"]
[Result "1-0"]
[WhiteElo "2278"]
[BlackElo "1964"]
[TimeControl "180+2"]
[EndTime "14:32:48 PDT"]
[Termination "colegiodemadrid won by resignation"]

1. e4 d6 2. d4 Nf6 3. Nc3 c6 4. Bg5 Qb6 5. a3 Nbd7 6. f3 e5 7.
Be3 Qc7 8. Nge2 Be7 9. Ng3 g6 10.
Qd2 h5 11. Be2 h4 12. Nf1 b5 13. d5 cxd5 14. Nxb5 Qb8 15. exd5 Nb6 16. c4 Bf5 17. Bf2 Nbd7 18. Ne3 Nc5 19. Nxf5 gxf5 20. Bxc5 dxc5 21. d6 Bd8 22. Qe3 Kf8 23. Qxe5 a6 24. Nc7 Bxc7 25. Qxf6 Bxd6 26. Qxh8+ Ke7 27. Qxb8 Rxb8 28. O-O-O Be5 29.
Rd2 Bd4 30. Rhd1 Be3 31. Kc2 Bxd2 32. Rxd2 Ke6 33. Rd5 Rg8 34. Bf1 h3 35. g3 f4 36.
Bxh3+ Ke7 37. Bg4 fxg3 38. hxg3 f5 39. Rxf5 1-0

[Event "*** Titled Tuesday Blitz"]
[Site "Chess.com"]
[Date "2018.05.01"]
[Round "7"]
[White "tomozupan"]
[Black "Vusatiuk_Vladimir"]
[Result "1-0"]
[WhiteElo "2150"]
[BlackElo "2186"]
[TimeControl "180+2"]
[EndTime "14:32:53 PDT"]
[Termination "tomozupan won by checkmate"]

1. d4 Nf6 2. Bg5 Ne4 3. Bf4 d5 4. f3 Nf6 5. e4 dxe4 6. Nc3 exf3 7. Nxf3 c6 8. Bc4 Bf5 9. Qe2 e6 10. O-O-O Bd6 11. Bxd6 Qxd6 12. d5 cxd5 13. Nxd5 Nxd5 14. Bxd5 Nc6 15. Bxc6+ Qxc6 16. Ne5 Qe4 17. Qb5+ Ke7 18. Rd7+ Kf6 19. Rxf7+ Kg5 20. Rxg7+ Kh6 21. Rc7 Rac8 22. Nf7+ Kh5 23. Qc5 Qf4+ 24. Kb1 Qxc7 25. g4+ Kg6 26.
gxf5+ Kxf7 27. fxe6+ Ke8 28. Qh5+ Ke7 29. Qg5+ Kd6 30.
Rd1+ Kc6 31. a4 Kb6 32. Qb5# 1-0

[Event "*** Titled Tuesday Blitz"]
[Site "Chess.com"]
[Date "2018.05.01"]
[Round "7"]
[White "JSPrepz"]
[Black "JozefKneht"]
[Result "1-0"]
[WhiteElo "2640"]
[BlackElo "2387"]
[TimeControl "180+2"]
[EndTime "14:33:05 PDT"]
[Termination "JSPrepz won by checkmate"]

1. e4 c6 2. d4 d5 3. Nc3 dxe4 4. Nxe4 Bf5 5. Ng3 Bg6 6. h4 h6 7. Nh3 e6 8. Nf4 Bh7 9. Bc4 Nf6 10. O-O Nbd7 11.
Re1 Nb6 12. Bxe6 Be7 13. Bb3 O-O 14. c3 Bd6 15. Qf3 Qc7 16. Bd2 Rae8 17. Ngh5 Nxh5 18. Nxh5 Bg6 19. Nxg7 Kxg7 20. h5 Bh7 21. Bxh6+ Kxh6 22. Qf6+ Bg6 23. Rxe8 Rxe8 24. hxg6 fxg6 25. Bf7 Re7 26.
Qxg6# 1-0

[Event "*** Titled Tuesday Blitz"]
[Site "Chess.com"]
[Date "2018.05.01"]
[Round "7"]
[White "EmreDedebas"]
[Black "DenksportAcademie"]
[Result "0-1"]
[WhiteElo "2373"]
[BlackElo "2245"]
[TimeControl "180+2"]
[EndTime "14:33:28 PDT"]
[Termination "DenksportAcademie won by resignation"]

1. c4 d6 2. Nc3 e5 3. Nf3 f5 4. d4 e4 5. Ng5 Be7 6. h4 h6 7. Nh3 Bxh4 8. e3 Bf6 9. Qh5+ Kf8 10.
Nf4 Ne7 11. Ncd5 Nbc6 12. Nxf6 gxf6 13. Ng6+ Nxg6 14. Qxg6 Qe7 15. Rxh6 Rxh6 16. Qxh6+ Qg7 17. Qh4 Nb4 18. Kd2 Be6 19. a3 Na6 20. Kc3 Re8 21. b4 c5 22. Bb2 cxd4+ 23. exd4 Rc8 24. d5 Bxd5 25. Kb3 Bg8 26. Bxf6 Qg6 27. Be2 b5 28.
Bh5 Bxc4+ 29. Kb2 Qh6 30. Be7+ Kg7 31. Rh1 Qd2+ 32. Kb1 Bd3+ 33. Ka1 Qc3+ 34. Ka2 Bc4+ 35. Kb1 Qb3+ 36. Kc1 Be2+ 37. Kd2 Rc2+ 0-1

[Event "*** Titled Tuesday Blitz"]
[Site "Chess.com"]
[Date "2018.05.01"]
[Round "7"]
[White "Kouzari"]
[Black "FearNoEvil12"]
[Result "1-0"]
[WhiteElo "2625"]
[BlackElo "1972"]
[TimeControl "180+2"]
[EndTime "14:33:35 PDT"]
[Termination "Kouzari won by resignation"]

1. e4 a6 2. d4 b5 3. Bd3 Bb7 4. Qe2 e6 5. Nf3 Nf6 6. O-O d6 7. Bg5 h6 8. Bh4 g5 9. Bg3 Nbd7 10. Nbd2 Rg8 11. a4 b4 12. a5 h5 13. h4 gxh4 14. Bxh4 Be7 15. c4 Ng4 16. Bxe7 Qxe7 17. d5 Nde5 18. Nxe5 Nxe5 19. f4 Ng4 20. Nf3 h4 21.
Kh1 Bc8 22. Qd2 Qf6 23. Rae1 Qh6 24. e5 exd5 25. exd6+ Kf8 26. dxc7 h3 27. g3 h2 28. Qxb4+ Kg7 29. Qc3+ Kf8 30. Ng5 Nf6 31. Qxf6 Qxf6 32.
Nh7+ Kg7 33. Nxf6 Kxf6 34. cxd5 Bb7 35. Kxh2 Rac8 36. d6 Rh8+ 37. Kg1 Rh1+ 38. Kf2 Rh2+ 39. Ke3 Ke6 40. Rd1 Kxd6 41. Bf5+ Kxc7 42. Bxc8 Kxc8 43. Rf2 Rh6 44. Rd4 Re6+ 45. Kd2 Rc6 46. b4 1-0

[Event "*** Titled Tuesday Blitz"]
[Site "Chess.com"]
[Date "2018.05.01"]
[Round "7"]
[White "Albertu"]
[Black "LisikValera"]
[Result "0-1"]
[WhiteElo "2296"]
[BlackElo "2420"]
[TimeControl "180+2"]
[EndTime "14:33:44 PDT"]
[Termination "LisikValera won by checkmate"]

1. e4 e6 2. d4 d5 3. Nc3 Bb4 4. a3 Bxc3+ 5. bxc3 dxe4 6. Qg4 Nf6 7. Qxg7 Rg8 8. Qh6 Nbd7 9. Ne2 b6 10. Ng3 Bb7 11.
Be2 Qe7 12. a4 O-O-O 13. Ba3 c5 14. O-O Rg6 15. Qd2 h5 16. Rfb1 h4 17. Nf1 Rxg2+ 18.
Kxg2 e3+ 19. f3 exd2 20. Nxd2 Nd5 21. Ne4 Nf4+ 22. Kf2 Nxe2 23. Kxe2 Bxe4 24. fxe4 Rg8 25. Rg1 Rxg1 26. Rxg1 Qf6 27. Ke3 Qh6+ 28. Kd3 Qf4 29. e5 cxd4 30. cxd4 Qf3+ 31. Kc4 Qxa3 32. Rg8+ Kb7 33.
c3 Qxa4+ 34. Kd3 Qd1+ 35. Kc4 a5 36. h3 a4 37. d5 Qxd5+ 38. Kb4 Qb3# 0-1

[Event "*** Titled Tuesday Blitz"]
[Site "Chess.com"]
[Date "2018.05.01"]
[Round "7"]
[White "el-reptiliano"]
[Black "savinspm"]
[Result "1-0"]
[WhiteElo "1719"]
[BlackElo "1986"]
[TimeControl "180+2"]
[EndTime "14:33:45 PDT"]
[Termination "el-reptiliano won by checkmate"]

1. d4 Nf6 2. c4 e6 3. Nf3 b6 4.
a3 Bb7 5. Nc3 d6 6. Qc2 c5 7. e4 Nc6 8. Be3 Be7 9. d5 Nb8 10.
h3 e5 11. Be2 O-O 12. g4 Ne8 13. h4 a6 14. O-O-O Bc8 15. Rdg1 f6 16. h5 h6 17.
Nh4 Rf7 18. Nf5 Bf8 19. Qd2 Rb7 20. f4 Kf7 21. fxe5 dxe5 22. Bxh6 Bxf5 23. Bxg7 Bxg7 24. gxf5 Nd7 25. h6 Bh8 26. Bh5+ Ke7 27. d6+ Nxd6 28. Nd5+ Kf8 29. h7 Nxe4 30. Qh6+ Bg7 31. Qxg7# 1-0

[Event "*** Titled Tuesday Blitz"]
[Site "Chess.com"]
[Date "2018.05.01"]
[Round "7"]
[White "Too_Stupid_To_Play"]
[Black "AndrewMcStone"]
[Result "1-0"]
[WhiteElo "2184"]
[BlackElo "2036"]
[TimeControl "180+2"]
[EndTime "14:33:46 PDT"]
[Termination "Too_Stupid_To_Play won on time"]

1. Nf3 Nf6 2. c4 g6 3. b3 Bg7 4. Bb2 O-O 5. g3 c5 6. Bg2 Nc6 7. O-O d6 8. d4 cxd4 9. Nxd4 Bd7 10. Nc3 a6 11. Rc1 Rc8 12. Re1 Qa5 13. e4 Nxd4 14. Qxd4 Ng4 15. Qd2 Qh5 16. h3 Ne5 17.
Qe2 Qxe2 18. Rxe2 Nd3 19. Nd5 Nxb2 20. Nxe7+ Kh8 21. Nxc8 Rxc8 22. Rd2 b5 23. Rxd6 Be6 24. f4 bxc4 25. f5 gxf5 26. exf5 Bxf5 27. bxc4 Nxc4 28.
Rxa6 Bd4+ 29. Kh2 Kg7 30. Ra4 Be6 31. Bf1 1-0

[Event "*** Titled Tuesday Blitz"]
[Site "Chess.com"]
[Date "2018.05.01"]
[Round "7"]
[White "KRASAVCHIK2002"]
[Black "Perecke"]
[Result "1-0"]
[WhiteElo "2043"]
[BlackElo "1944"]
[TimeControl "180+2"]
[EndTime "14:33:48 PDT"]
[Termination "KRASAVCHIK2002 won by resignation"]

1. d4 d5 2. Bg5 Nf6 3. Bxf6 exf6 4. Nf3 Bf5 5. e3 Bd6 6. Bd3 Bxd3 7. Qxd3 O-O 8. O-O Nd7 9. c3 Nb6 10. Nbd2 c6 11.
e4 dxe4 12. Nxe4 Bc7 13. Nc5 Rb8 14. Rfe1 Nd5 15. Qf5 Ne7 16. Qd7 Nd5 17. Qxd8 Rfxd8 18. g3 Bd6 19. Nd3 b6 20. Nd2 c5 21. dxc5 bxc5 22.
Nc4 Rbc8 23. Rad1 Nb6 24. Nxd6 Rxd6 25. Nxc5 Rxd1 26. Rxd1 Kf8 27. Nd7+ Ke7 28. Nxb6 axb6 29. Rd4 Ke6 30. Rb4 Rc6 31. Kg2 Kd5 32. Kf3 Kc5 33.
a4 Re6 34. h4 Rd6 35. Rg4 g6 36. Rf4 f5 37. Rb4 Rd3+ 38. Kf4 f6 39. f3 h6 40. g4 Rd5 41. Rb5+ 1-0

[Event "*** Titled Tuesday Blitz"]
[Site "Chess.com"]
[Date "2018.05.01"]
[Round "7"]
[White "MattyDPerrine"]
[Black "LawrenceTrent"]
[Result "0-1"]
[WhiteElo "2294"]
[BlackElo "2467"]
[TimeControl "180+2"]
[EndTime "14:33:49 PDT"]
[Termination "LawrenceTrent won by resignation"]

1. Nf3 Nc6 2. d4 d5 3. g3 Bg4 4. Bg2 Qd7 5. h3 Bf5 6. c4 e6 7. Nc3 Nf6 8. Ne5 Nxe5 9. dxe5 Ne4 10. cxd5 Bb4 11. Qb3 Bxc3+ 12. bxc3 Qxd5 13. g4 Bg6 14. Bf4 O-O 15. Bf3 a5 16. O-O Qxb3 17. axb3 Nxc3 18.
Rfc1 Nb5 19. Bxb7 Ra7 20. Bc6 Nd4 21. Be3 Nxe2+ 22. Kf1 Nxc1 23. Bxa7 Nxb3 24. Ra3 Nd2+ 25. Ke2 Nc4 26. Ra4 Nxe5 27. Bb5 h5 28. f3 Rd8 29. Rxa5 Rd5 30. Be3 Rxb5 0-1

[Event "*** Titled Tuesday Blitz"]
[Site "Chess.com"]
[Date "2018.05.01"]
[Round "7"]
[White "tteshan"]
[Black "ChessicallyInclined"]
[Result "0-1"]
[WhiteElo "1987"]
[BlackElo "2216"]
[TimeControl "180+2"]
[EndTime "14:33:55 PDT"]
[Termination "ChessicallyInclined won by resignation"]

1. d4 Nf6 2. c4 g6 3. Nc3 Bg7 4. e4 O-O 5. Be2 d6 6. Bg5 Na6 7. Qd2 Qe8 8. h4 e5 9. d5 Nc5 10. f3 Nh5 11. Be3 f5 12. Bf2 fxe4 13. fxe4 Nf4 14.
g3 Nxe2 15. Ngxe2 Bg4 16. Rf1 Bf3 17. Bxc5 dxc5 18. Qe3 Bg2 19. Rxf8+ Qxf8 20. Qf2 Bh3 21. Qxf8+ Rxf8 22. Kd2 Bh6+ 23. Kc2 Rf2 24. Re1 Bg4 25. a3 a5 26. Kd3 Rf3+ 27. Kc2 Be3 28. Nb5 Bf2 29. Rf1 Rf7 30. Nec3 Bxg3 31. Rxf7 Kxf7 32. Nxc7 Bxh4 33. d6 Bd8 34. N3d5 h5 35. Kd2 h4 36. Ke3 h3 37. Kf2 Bh4+ 38. Kg1 Bg3 39. Ne3 h2+ 40. Kh1 Bf3+ 41. Ng2 Bxe4 42. Nb5 Ke6 43. Nc3 Bc6 44. Ne2 Bf4 45. Nxf4+ exf4 46. Kxh2 Bxg2 47. Kxg2 Kxd6 48. Kf3 Ke5 49. b3 Kf5 0-1

[Event "*** Titled Tuesday Blitz"]
[Site "Chess.com"]
[Date "2018.05.01"]
[Round "7"]
[White "amiralfio"]
[Black "Abrito99"]
[Result "0-1"]
[WhiteElo "2363"]
[BlackElo "2502"]
[TimeControl "180+2"]
[EndTime "14:33:55 PDT"]
[Termination "Abrito99 won by resignation"]

1. d4 Nf6 2. Nf3 g6 3. c4 Bg7 4.
Nc3 d6 5. e4 O-O 6. h3 e5 7. d5 a5 8. g4 Na6 9. Be3 b6 10. Nd2 Nc5 11. Be2 Ne8 12. h4 f5 13.
g5 f4 14. Bxc5 bxc5 15. Bg4 h5 16. gxh6 Bxh6 17. Bxc8 Qxc8 18. Qf3 Nf6 19. O-O-O a4 20.
Rdg1 Kf7 21. Qg2 Rg8 22. Nf3 Rb8 23. Nb5 Qd7 24. Ng5+ Bxg5 25. hxg5 Nh5 26. Rxh5 gxh5 27. g6+ Kg7 28. Qg5 Rh8 29. Na7 h4 30. Nc6 Rbe8 31. Rh1 h3 32. Rh2 Rh6 33. Kc2 Rxg6 34. Qh5 Rh8 35.
Qf3 Qg4 36. Qc3 Qg1 37. Nxe5 dxe5 38. Qxe5+ Rf6 39. Qe7+ Kg6 40. e5 Rf7 41. Qe6+ Kg7 42. Rxh3 Qxf2+ 43. Kd1 Qf1+ 0-1

[Event "*** Titled Tuesday Blitz"]
[Site "Chess.com"]
[Date "2018.05.01"]
[Round "7"]
[White "tigra"]
[Black "Korchmar_Vasiliy"]
[Result "0-1"]
[WhiteElo "2710"]
[BlackElo "2722"]
[TimeControl "180+2"]
[EndTime "14:33:58 PDT"]
[Termination "Korchmar_Vasiliy won by resignation"]

1. e4 c5 2. Qh5 d6 3. f4 Nc6 4. Bb5 Nf6 5. Qf3 Bd7 6. Ne2 g6 7. b3 Bg7 8. Bb2 O-O 9. e5 dxe5 10. fxe5 Nxe5 11. Bxe5 Bxb5 12. Nbc3 Bc6 13. Qh3 b5 14. Rf1 b4 15. Nd1 Qd5 16. Bxf6 Bxf6 17. Ne3 Qd8 18. O-O-O a5 19. Ng4 Bg7 20. Nh6+ Kh8 21. Nxf7+ Rxf7 22. Rxf7 a4 23. Nf4 Qd4 24. c3 bxc3 25. dxc3 Qe4 26. Qe6 axb3 27. Qxe4 Bxe4 28. axb3 Bxc3 29. Nd3 Ra2 30.
Rxe7 Bf5 31. Rc7 Bd4 32. Rd2 Be3 0-1

[Event "*** Titled Tuesday Blitz"]
[Site "Chess.com"]
[Date "2018.05.01"]
[Round "7"]
[White "b_6"]
[Black "pulvettd"]
[Result "1-0"]
[WhiteElo "2304"]
[BlackElo "2379"]
[TimeControl "180+2"]
[EndTime "14:34:11 PDT"]
[Termination "b_6 won on time"]

1. d4 Nf6 2. Bf4 Nh5 3. Bg5 h6 4.
Bh4 g5 5. e3 Ng7 6. Bg3 Nf5 7.
Be5 Rg8 8. h3 d6 9. Bh2 c6 10. c3 Nh4 11. Nd2 Be6 12. Ngf3 Nxf3+ 13. Nxf3 Nd7 14. e4 h5 15. d5 cxd5 16. Nd4 Qb6 17. Nxe6 fxe6 18. Qxh5+ Kd8 19. O-O-O Qxf2 20. exd5 e5 21.
Bb5 Nf6 22. Qf7 Qc5 23. Bd3 1-0